 Dungeon Crawl Stone Soup version 0.30-a0-1082-g70414cbcbb (webtiles) character file.

Game seed: 3503152625753194820

9107 gelatine the Magician (level 11, -2/78 HPs)
             Began as a Demonspawn Fire Elementalist on Apr 15, 2023.
             Was a Priest of Vehumet.
             Slain by a catoblepas (12 damage)
             ... while petrified by a catoblepas
             ... on level 9 of the Dungeon.
             The game lasted 00:40:16 (10780 turns).

gelatine the Magician (DsFE)                       Turns: 10780, Time: 00:40:16

Health: -2/78      AC:  3    Str:  8    XL:     11   Next: 18%
Magic:  18/30      EV:  2    Int: 20    God:    Vehumet [***...]
Gold:   500        SH:  0    Dex: 15    Spells: 8/23 levels left

rFire   . . .      SeeInvis .    K - +2 dagger (chaos)
rCold   . . .      Faith    .    j - +0 buckler
rNeg    + + +      Spirit   .    v - +0 troll leather armour {Pargi}
rPois   ∞          Reflect  +    d - +0 helmet
rElec   .          Rampage  .    t - +1 cloak
rCorr   .                        k - +0 pair of gloves
Will    .....                    (no boots)
Stlth   +++                      i - amulet of reflection
HPRegen 1.13/turn                y - ring of magical power
MPRegen 0.22/turn                N - +5 ring of evasion

@: petrified, corroded, studying Maces & Flails
A: claws 1, molten scales 1, powered by death 3, demonic magic 1
a: Renounce Religion


You were on level 9 of the Dungeon.
You worshipped Vehumet.
Vehumet was most pleased with you.
You visited 2 branches of the dungeon, and saw 10 of its levels.
You visited the Abyss 1 time.
You also visited: Sewer.

You collected 500 gold pieces.

Inventory:

Hand Weapons
 e - a +1 vampiric short sword
 f - a +0 rapier
 F - a +1 dagger of protection
 K - a +2 dagger of chaos (weapon)
 O - a +3 dagger of venom
Armour
 d - a +0 helmet (worn)
 j - a +0 buckler (worn)
 k - a +0 pair of gloves (worn)
 t - a +1 cloak (worn)
 v - a +0 troll leather armour (worn) {Pargi}
 G - +0 steam dragon scales
 L - +0 acid dragon scales
Jewellery
 g - an amulet of regeneration
 i - an amulet of reflection (around neck)
 y - a ring of magical power (left hand)
 C - a ring of protection from cold
 H - a +6 ring of strength
 N - a +5 ring of evasion (right hand)
Wands
 p - a wand of iceblast (14)
 A - a wand of mindburst (8)
 B - a wand of digging (1)
 E - a wand of polymorph (10)
 M - a wand of flame (18)
Scrolls
 c - a scroll of magic mapping
 m - 2 scrolls of enchant weapon
 o - 2 scrolls of poison
 q - a scroll of acquirement
 I - a scroll of fog
Potions
 a - 3 potions of lignification
 b - a potion of attraction
 h - 2 potions of ambrosia
 n - 2 potions of mutation
 s - a potion of flight {unknown}
 u - a potion of invisibility
 w - 3 potions of curing
 x - 3 potions of brilliance {unknown}
 z - a potion of berserk rage {unknown}
 P - a potion of magic


   Skills:
 * Level 4.8 Fighting
 * Level 3.1 Short Blades
 + Level 1.0 Axes
 * Level 4.7 Armour
 * Level 5.0 Dodging
 + Level 5.8 Stealth
 * Level 3.5 Shields
 * Level 6.8 Spellcasting
 * Level 5.3 Conjurations
 * Level 3.8 Translocations
 * Level 1.6 Transmutations
 * Level 6.5 Fire Magic
 * Level 1.8 Poison Magic
 + Level 2.9 Evocations


You had 8 spell levels left.
You knew the following spells:

 Your Spells              Type           Power      Damage    Failure   Level
a - Foxfire               Conj/Fire      100%       2x1d9     1%          1
b - Scorch                Fire           66%        2d7       1%          2
c - Volatile Blastmotes   Fire/Tloc      54%        2d14      1%          3
d - Blink                 Tloc           44%        N/A       5%          2
e - Flame Wave            Conj/Fire      30%        2d9       4%          4
f - Ignite Poison         Fire/Tmut/Pois 20%        N/A       4%          3

Your spell library contained the following spells:

 Spells                   Type           Power      Damage    Failure   Level
 Inner Flame              Hex/Fire       19%        N/A       4%          3
 Freeze                   Ice            24%        1d4       5%          1
 Hailstorm                Conj/Ice       17%        3d6       5%          3
 Gell's Gravitas          Tloc           22%        N/A       11%         3
 Teleport Other           Tloc           22%        N/A       11%         3
 Frozen Ramparts          Ice            12%        1d2       14%         3
 Manifold Assault         Tloc           22%        N/A       36%         4
 Animate Dead             Necr           6%         N/A       87%         4
 Borgnjor's Vile Clutch   Necr/Erth      3%         N/A       99%         5
 Dispersal                Tloc           11%        N/A       99%         6
 Death Channel            Necr           3%         N/A       100%        6
 Storm Form               Tmut/Air       5%         N/A       100%        7


Dungeon Overview and Level Annotations

Branches:
Dungeon (9/15)             Temple (1/1) D:4           Sewer (visited)
   Lair: D:8-11         Orc: D:9-12

Altars:
Cheibriados
Dithmenos
Fedhas
Kikubaaqudgha
Nemelex Xobeh
Okawaru
Qazlal
Sif Muna
Trog
Uskayaw
Vehumet
Wu Jian
Xom
Yredelemnul

Shops:
D:3 =


Innate Abilities, Weirdness & Mutations

You have sharp fingernails.
You are partially covered in molten scales. (AC +2)
You regenerate a lot of health from kills.
Spells you cast may paralyse adjacent enemies.


Message History

* * * LOW HITPOINT WARNING * * *
The catoblepas gores you!!
* * * LOW HITPOINT WARNING * * *
You turn to flesh and can move again.
You feel much better. The acid dragon spits acid at you.
The splash of acid hits you!!
* * * LOW HITPOINT WARNING * * *
The acid corrodes you!
The catoblepas breathes a plume of calcifying dust at you.
The blast of calcifying dust hits you.
* * * LOW HITPOINT WARNING * * *
Unknown command.
You feel much better.
You are engulfed in calcifying dust.
You are slowing down.
The catoblepas closely misses you. You block the acid dragon's attack.
The acid dragon misses you.
Unknown command.
Unknown command.
Unknown command.
You feel better.
You are engulfed in calcifying dust.
Your limbs have turned to stone.
You block the acid dragon's attack.
The acid dragon claws you but does no damage.
The catoblepas breathes a plume of calcifying dust at you.
The blast of calcifying dust hits you.
You have turned to stone.
You are engulfed in calcifying dust.
The deep elf pyromancer mumbles some strange words.
The deep elf pyromancer blinks!
The catoblepas breathes a plume of calcifying dust at you.
The blast of calcifying dust hits you. The acid dragon spits acid at you.
The splash of acid hits you!!
* * * LOW HITPOINT WARNING * * *
The acid corrodes you!
You are engulfed in calcifying dust.
The acid dragon bites you!
* * * LOW HITPOINT WARNING * * *
The acid dragon claws you.
* * * LOW HITPOINT WARNING * * *
The catoblepas gores you!!
You die...

#..##...§H. #....#.# #..#
...... #...#.#. #..# .. ..e
#...#.#.
#..###'###Y###...#.## #..#
..e#....'..#.#.. #..#
..#..c##..#..##
#..##+#'#+#'##.#.##..
#..##D#.#.#.##.##....
#..#@Y§).....##......
#..##################
#....................
#[###.)############## #####
#.)))....# #
##...###)))######
##.....#..#)# ##############
#........##)####.............
#.......###.)..#..###########


You could see a catoblepas and an acid dragon (catching breath).

Vanquished Creatures
  A centaur warrior (D:9)
  A two-headed ogre (D:9)
  A death yak (D:9)
  A deep elf pyromancer (D:9)
  An ugly thing (D:9)
  Psyche (D:8)
  An unseen horror (D:9)
  A troll (D:6)
  Grinder (D:5)
  A wyvern (D:9)
  4 yaks (D:8)
  A human (D:3)
  2 steam dragons
  Menkaure (D:7)
  3 acid dragons
  A water moccasin (Sewer)
  Pargi (D:3)
  A sky beast (D:8)
  2 ice beasts (D:6)
  2 ogres
  8 orc warriors
  3 centaurs
  4 bullfrogs
  3 kobold brigands
  2 gnoll sergeants (D:8)
  3 scorpions
  2 wights (D:9)
  4 killer bees (D:9)
  5 electric eels (D:8)
  A howler monkey (D:9)
  2 hounds (D:6)
  3 quasits (D:4)
  2 jellies
  7 orc priests
  5 iguanas
  2 sleepcaps
  11 orc wizards
  9 gnolls
  11 adders
  A shadow imp (D:5)
  2 white imps (D:5)
  An ufetubus (D:5)
  3 worms
  59 orcs
  6 endoplasms
  3 giant cockroaches (D:4)
  5 goblins
  10 hobgoblins
  5 jackals
  6 quokkas
  7 ball pythons (D:1)
  2 bats
  6 frilled lizards
  A jackal skeleton (D:3)
  24 kobolds
  A kobold zombie (D:3)
  6 rats
263 creatures vanquished.

Vanquished Creatures (others)
  760 foxfires
  A withered plant (D:1)
761 creatures vanquished.

Grand Total: 1024 creatures vanquished

Notes
Turn   | Place    | Note
-------+----------+-------------------------------------------
     0 | D:1      | gelatine the Demonspawn Fire Elementalist began the quest
                  | for the Orb.
     0 | D:1      | Reached XP level 1. HP: 13/13 MP: 3/3
   254 | D:1      | Gained mutation: You regenerate a little health from kills.
                  | [demonic ancestry]
   254 | D:1      | Reached XP level 2. HP: 19/19 MP: 1/5
   414 | D:1      | Found a faded altar of an unknown god.
   490 | D:1      | Learned a level 2 spell: Scorch
  1110 | D:1      | Gained mutation: You regenerate health from kills. [demonic
                  | ancestry]
  1110 | D:1      | Reached XP level 3. HP: 25/25 MP: 2/6
  1403 | D:2      | Learned a level 3 spell: Volatile Blastmotes
  1958 | D:2      | Reached skill level 1 in Armour
  2069 | D:2      | Reached XP level 4. HP: 31/31 MP: 5/7
  2653 | D:3      | Found a runed translucent door.
  2653 | D:3      | Noticed a human
  2663 | D:3      | Found a basalt altar of Yredelemnul.
  2699 | D:3      | Killed a human
  2700 | D:3      | Reached skill level 1 in Fighting
  2700 | D:3      | Gained mutation: Spells you cast may paralyse adjacent
                  | enemies. [demonic ancestry]
  2700 | D:3      | Reached XP level 5. HP: 15/37 MP: 1/9
  2975 | D:3      | Gained mutation: You have sharp fingernails. [demonic
                  | ancestry]
  2975 | D:3      | Reached XP level 6. HP: 43/43 MP: 4/10
  3744 | D:3      | Found Tawiew's Jewellery Emporium.
  3753 | D:3      | Noticed Pargi
  3762 | D:3      | Killed Pargi
  3876 | D:3      | Identified a scroll of acquirement
  4312 | D:4      | Found a staircase to the Ecumenical Temple.
  4590 | D:4      | Gained mutation: You regenerate a lot of health from kills.
                  | [demonic ancestry]
  4590 | D:4      | Reached XP level 7. HP: 49/49 MP: 12/12
  4657 | D:4      | Found a glowing drain.
  4679 | Sewer    | Entered a sewer
  5075 | D:5      | Entered Level 5 of the Dungeon
  5104 | D:5      | Noticed Grinder
  5143 | D:5      | Killed Grinder
  5470 | D:5      | Reached skill level 1 in Axes
  5470 | D:5      | Gained mutation: You are partially covered in molten
                  | scales. (AC +2) [demonic ancestry]
  5470 | D:5      | Reached XP level 8. HP: 56/56 MP: 14/14
  5571 | D:5      | Found an iron altar of Okawaru.
  6513 | D:6      | Reached skill level 1 in Translocations
  6589 | D:6      | Noticed a troll
  6602 | D:6      | Killed a troll
  6603 | D:6      | Reached skill level 1 in Shields
  6603 | D:6      | Reached skill level 1 in Evocations
  6872 | D:6      | Reached skill level 1 in Short Blades
  7114 | D:6      | Found a blossoming altar of Fedhas.
  7208 | D:7      | Reached XP level 9. HP: 64/64 MP: 16/16
  7537 | D:7      | Noticed Menkaure
  7541 | D:7      | Reached skill level 5 in Fire Magic
  7544 | D:7      | Killed Menkaure
  7697 | D:7      | Found a sparkling altar of Nemelex Xobeh.
  7735 | D:7      | Found a hide-covered altar of Uskayaw.
  7965 | Temple   | Entered the Ecumenical Temple
  8102 | Temple   | Became a worshipper of Vehumet
  8234 | D:8      | Noticed Psyche
  8239 | Abyss:2  | Cast into level 2 of the Abyss (Psyche)
  8252 | D:8      | Escaped the Abyss
  8255 | D:8      | Killed Psyche
  8256 | D:8      | Reached skill level 5 in Stealth
  8256 | D:8      | Reached skill level 5 in Spellcasting
  8856 | D:8      | Reached * piety under Vehumet
  8856 | D:8      | Offered knowledge of Sandblast by Vehumet.
  9055 | D:8      | Reached XP level 10. HP: 69/71 MP: 18/18
  9255 | D:8      | Learned a level 2 spell: Blink
  9260 | D:8      | Learned a level 4 spell: Flame Wave
  9695 | D:9      | Offered knowledge of Poisonous Vapours by Vehumet.
  9705 | D:9      | Reached ** piety under Vehumet
 10122 | D:9      | Found an ornate altar of the Wu Jian Council.
 10141 | D:9      | Offered knowledge of Ignite Poison by Vehumet.
 10150 | D:9      | Learned a level 3 spell: Ignite Poison
 10150 | D:9      | Noticed a death yak
 10153 | D:9      | Noticed a death yak
 10155 | D:9      | Noticed a death yak
 10212 | D:9      | Killed a death yak
 10427 | D:9      | Noticed a two-headed ogre
 10441 | D:9      | Killed a two-headed ogre
 10442 | D:9      | Reached skill level 1 in Poison Magic
 10537 | D:9      | Reached skill level 5 in Conjurations
 10540 | D:9      | Reached skill level 1 in Transmutations
 10654 | D:9      | Reached *** piety under Vehumet
 10734 | D:9      | Noticed a white ugly thing
 10735 | D:9      | Noticed a catoblepas
 10737 | D:9      | Noticed a deep elf pyromancer
 10738 | D:9      | Noticed a centaur warrior
 10738 | D:9      | Noticed a deep elf pyromancer
 10739 | D:9      | Noticed a manticore
 10741 | D:9      | Reached XP level 11. HP: 78/78 MP: 21/21
 10757 | D:9      | Killed a white ugly thing
 10758 | D:9      | Reached skill level 5 in Dodging
 10760 | D:9      | Killed a centaur warrior
 10760 | D:9      | Killed a deep elf pyromancer
 10780 | D:9      | Slain by a catoblepas

Illustrated notes

Levels and vault maps discovered:
D:1:      ncdulo_wetmaze, layout_basic, ebering_ecumenical_altar_petrified,
          glass_columns_a
D:2:      layout_loops_ring, minmay_pentomino_p2
D:3:      minmay_general_purpose_star, layout_loops_corners,
          dk_yredelemnul_ordeal, serial_shops, nicolae_shop_stone, uniq_pargi
D:4:      cheibrodos_quashed, layout_cave_pools, minmay_temple_entry_ruins,
          portal_sewer_entry_f, ebering_dispersal_statue_hall,
          minmay_misc_feat_x
D:5:      layout_basic, marbit_many_paths, uniq_grinder
D:6:      layout_basic, good_gods_mini_temple, fedhas_altar_1
D:7:      layout_cave_pools, eat_drink_and_be_merry_uskayaw,
          mainiacjoe_overflow_24_doors, uniq_menkaure
D:8:      nicolae_moon_pools, layout_basic, st_stairs_2, minmay_manual_moon,
          uniq_psyche
D:9:      minmay_the_grid_3x2 [minmay_the_grid_expand, minmay_the_grid_gridbox,
          minmay_the_grid_empty, minmay_the_grid_tree,
          minmay_the_grid_large_cup, minmay_the_grid_prize_big_room],
          layout_rooms, nzn_wu_jian_contemplation, dpeg_lair_monsters,
          special_room [special_room_orc]
Temple:   nicolae_temple_godpark

Skill      XL: |  1  2  3  4  5  6  7  8  9 10 11 |
---------------+----------------------------------+-----
Fire Magic     | 3 4 5 6 |  6.5
Dodging        | 2 3 4 5 |  5.0
Armour         | 1 2 3 4 |  4.7
Fighting       | 1 2 3 4 |  4.8
Stealth        | 2 3 4 5 |  5.8
Spellcasting   | 3 4 5 6 |  6.8
Conjurations   | 2 3 4 5 |  5.3
Axes           | 1 |  1.0
Translocations | 1 3 |  3.8
Shields        | 1 2 3 |  3.5
Evocations     | 1 2 |  2.9
Short Blades   | 1 2 3 |  3.1
Poison Magic   | 1 |  1.8
Transmutations | 1 |  1.6

Action                     |  1- 3 |  4- 6 |  7- 9 | 10-12 || total
---------------------------+-------+-------+-------+-------++-------
  Melee: Dagger            |    28 |    19 |   121 |   108 ||   276
         Short sword       |       |    25 |       |       ||    25
         Hand axe          |       |    43 |    24 |       ||    67
         Punch             |       |     1 |     1 |       ||     2
   Cast: Foxfire           |    70 |    68 |   218 |    90 ||   446
         Scorch            |     4 |    15 |    41 |    41 ||   101
         Volatile Blastmot |     2 |     2 |    10 |    13 ||    27
         Flame Wave        |       |       |       |     2 ||     2
         Blink             |       |       |       |     1 ||     1
         Ignite Poison     |       |       |       |     1 ||     1
  Evoke: Wand              |       |       |     1 |       ||     1
    Use: Potion            |       |     4 |       |     4 ||     8
         Scroll            |       |     8 |     8 |     4 ||    20
   Stab: Invisible         |       |     4 |       |       ||     4
         Paralysed         |       |     9 |    39 |    28 ||    76
         Sleeping          |       |     1 |     4 |       ||     5
 Armour: Robe              |     9 |    15 |       |       ||    24
         Troll leather arm |       |    11 |    77 |    33 ||   121
  Dodge: Dodged            |    27 |    49 |   116 |    87 ||   279
  Block: Other             |       |     3 |    36 |       ||    39
         Buckler           |       |       |     4 |    53 ||    57
         Reflection        |       |       |     3 |     5 ||     8

Table legend: (Time is in decaauts)
 A = Elapsed time spent in this place.
 B = Non-inter-level travel time spent in this place.
 C = Inter-level travel time spent in this place.
 D = Time resting spent in this place.
 E = Time spent auto-exploring this place.
 F = Levels seen in this place.
 G = Mean time per level.
                   A        B        C        D        E       F      G
               +--------+--------+--------+--------+--------+-----+--------+
         Total |  10839 |  10465 |    374 |      0 |   8242 |  12 |  903.2 |
       Dungeon |  10445 |  10116 |    329 |      0 |   8008 |   9 | 1160.6 |
        Temple |    165 |    121 |     44 |      0 |    108 |   1 |  165.0 |
         Abyss |     12 |     12 |      0 |      0 |      0 |   1 |   12.0 |
         Sewer |    217 |    217 |      0 |      0 |    126 |   1 |  217.0 |
               +--------+--------+--------+--------+--------+-----+--------+

Top non-repeatable levels by time:
     D:3: 1474 daAuts
     D:1: 1407 daAuts
     D:8: 1366 daAuts
     D:5: 1296 daAuts
     D:2: 1212 daAuts
     D:9: 1203 daAuts
     D:6: 893 daAuts
     D:4: 881 daAuts
     D:7: 709 daAuts
   Sewer: 217 daAuts
  Temple: 165 daAuts
 Abyss:2: 12 daAuts
